 Dungeon Crawl Stone Soup version 0.31-a0-152-g6aa68a64a1 (webtiles) character file.

Game seed: 5376768745713339312

56 qw the Shooter (level 3, -7/22 HPs)
             Began as a Gargoyle Hunter on June 10, 2023.
             Killed by divine providence
             ... invoked by an orc priest
              (16 damage)
             ... on level 3 of the Dungeon.
             The game lasted 00:00:35 (1439 turns).

qw the Shooter (Gargoyle Hunter)                    Turns: 1439, Time: 00:00:36

Health: -7/22      AC:  8    Str: 14    XL:     3   Next: 97%
Magic:  3/3        EV: 15    Int:  9    God:
Gold:   103        SH:  0    Dex: 15    Spells: 2/2 levels left

rFire   . . .        Y - +1 shortbow
rCold   . . .        (shield currently unavailable)
rNeg    + . .        b - +0 ring mail
rPois   inf          (no helmet)
rElec   +            (no cloak)
rCorr   .            (no gloves)
SInv    .            (no boots)
Will    .....        (no amulet)
Stlth   +            d - +5 ring of evasion
HPRegen 0.23/turn    (no ring)
MPRegen 0.08/turn

%: no passive effects
@: no status effects
A: sickness immunity, AC +3, negative energy resistance 1, electricity
resistance, torment resistance 1, petrification resistance
a: no special abilities


You were on level 3 of the Dungeon.
You visited 1 branch of the dungeon, and saw 3 of its levels.

You collected 103 gold pieces.


Innate Abilities, Weirdness & Mutations

You are immune to sickness and miasma.
Your stone body is resilient. (AC +3)
You are immune to poison.
You resist negative energy. (rN+)
You are resistant to electric shocks. (rElec)
You are resistant to unholy torment.
You are immune to petrification.


   Skills:
 + Level 2.9 Fighting
 - Level 5.0 Ranged Weapons
 - Level 1.0 Armour
 - Level 1.5 Dodging
 - Level 1.1 Stealth


You had 2 spell levels left.
You didn't know any spells.
Your spell library was empty.

Inventory:

Hand Weapons
 Y - a +1 shortbow (weapon)
Armour
 b - a +0 ring mail (worn)
Jewellery
 d - a +5 ring of evasion (left hand)
 j - a ring of see invisible
Scrolls
 c - a scroll of identify {unknown}
Potions
 a - a potion of ambrosia {unknown}
 e - a potion of brilliance {unknown}
 f - a potion of berserk rage {unknown}
 g - a potion of haste
 h - 2 potions of curing
 i - a potion of lignification {unknown}

Dungeon Overview and Level Annotations

Branches:
Dungeon (3/15)

Altars:


Message History

The orc is moderately wounded.
You shoot an arrow.
The arrow hits the orc but does no damage.
The orc is moderately wounded.
An orc comes into view. It is wielding a +0 short sword.
You shoot an arrow. The arrow barely misses the orc.
You hear a shout!
An orc priest comes into view. It is wielding a +0 flail.
You shoot an arrow. The arrow closely misses the orc. x2
You shoot an arrow. The arrow barely misses the orc.
The orc hits you with a +0 mace. x2; The orc hits you but does no damage.
The orc priest calls upon Beogh to heal the orc.
The orc's wounds heal themselves!
You shoot an arrow. The arrow hits the orc!
You kill the orc!
The orc closely misses you.
Your Armour skill increases to level 1!
You shoot an arrow. The arrow hits the orc priest.
The orc priest is lightly wounded.
An orc comes into view. It is wielding a +0 whip.
The orc barely misses you.
You shoot an arrow.
The arrow closely misses the orc priest.
The orc priest calls down the wrath of Beogh upon you.
Pain shoots through your body! The orc hits you but does no damage. x2
You shoot an arrow.
The arrow closely misses the orc priest.
The orc priest invokes the aid of Beogh against you.
You barely resist. The orc barely misses you. The orc closely misses you.
The orc priest hits you but does no damage.
The orc completely misses you. The orc hits you with a +0 short sword.
You shoot an arrow.
The arrow closely misses the orc priest.
The orc priest looks encouraged for a moment.
The orc barely misses you. The orc completely misses you.
You shoot an arrow. The arrow barely misses the orc priest.
The orc priest invokes the aid of Beogh against you.
Beogh smites you!
Ouch! That really hurt!
You die...

.. #.# #.#### ##
######.... ..
#.......# #.#
#.#o......# #.#
#oo@......######.#
#.#o.......##.....
..
#.......###.##.#
##
###.##..###.##.#
#.##..##...#.###
#...............
####+###...##.##
##...#######.#
##.....## #.##


You could see an orc priest and 3 orcs.

Vanquished Creatures
  An adder (D:3)
  An orc (D:3)
  5 endoplasms
  A giant cockroach (D:2)
  6 goblins
  6 hobgoblins
  2 jackals (D:1)
  A kobold (D:2)
  3 quokkas
  4 ball pythons
  6 bats
  5 frilled lizards
  4 rats
45 creatures vanquished.

Notes
Turn   | Place    | Note
-------+----------+-------------------------------------------
     0 | D:1      | qw the Gargoyle Hunter began the quest for the Orb.
     0 | D:1      | Reached XP level 1. HP: 12/12 MP: 1/1
     0 | D:1      | 0 ||| qw: Version: 0.2-a-29-gd901d54
     0 | D:1      | 0 ||| qw: Game counter: 3999
     0 | D:1      | 0 ||| qw: Always use a shield: true
     0 | D:1      | 0 ||| qw: God list: Okawaru
     0 | D:1      | 0 ||| qw: Allow faded altars: false
     0 | D:1      | 0 ||| qw: Do Orc after D:15 true
     0 | D:1      | 0 ||| qw: Do second Lair branch before Depths: true
     0 | D:1      | 0 ||| qw: Lair rune preference: random
     0 | D:1      | 0 ||| qw: Plans: Normal, Zot:1-4, Slime:5, God:TSO, Crypt,
                  | Tomb, Abyss, Pan, Hells, Win
     0 | D:1      | 0 ||| PLANNING D:1-11
    54 | D:1      | Reached XP level 2. HP: 17/17 MP: 2/2
   227 | D:1      | Found a faded altar of an unknown god.
   389 | D:1      | Reached XP level 3. HP: 21/21 MP: 3/3
   730 | D:1      | Reached skill level 5 in Ranged Weapons
   755 | D:1      | 755 ||| UPGRADING to +5 ring of evasion.
   756 | D:1      | 756 ||| READING scroll labelled NONINORUST.
   757 | D:1      | 757 ||| READING scroll labelled LECSIP COCOT.
   758 | D:1      | 758 ||| DRINKING 3 metallic golden potions.
   759 | D:1      | 759 ||| DROPPING scroll of butterflies.
  1341 | D:2      | 1341 ||| UPGRADING to +0 ring mail.
  1351 | D:2      | 1351 ||| DROPPING +0 leather armour.
  1352 | D:2      | 1352 ||| READING scroll labelled BAPISHRA MABYXUSSU.
  1355 | D:2      | 1355 ||| READING scroll labelled AKHOC ARAAXT.
  1356 | D:2      | 1356 ||| READING scroll labelled DEPYEREFRE.
  1435 | D:3      | Reached skill level 1 in Armour
  1439 | D:3      | Killed from afar by an orc priest

Levels and vault maps discovered:
D:1:      matt_arrival_grand_opening, layout_loops_ring,
          hellmonk_ecumenical_altar_pennies_from_heaven
D:2:      layout_loops_cross, chequers_serial_rivers_micro_c
D:3:      minmay_chambers_of_threes, layout_loops_corners,
          minmay_pentomino_pile, uniq_robin

Skill      XL: |  1  2  3 |
---------------+----------+-----
Ranged Weapons | 5 |  5.0
Armour         | 1 |  1.0
Fighting       | |  2.9
Dodging        | |  1.5
Stealth        | |  1.1

Action                     || total
---------------------------++-------
   Fire: Shortbow          ||   140
    Use: Scroll            ||     5
         Potion            ||     1
 Armour: Leather armour    ||    15
         Ring mail         ||     4
  Dodge: Dodged            ||    24

Table legend:
 A = Non-vault XP
 B = Vault XP
 C = Vault XP percentage of total XP
 D = Non-vault monster count
 E = Vault monster count
 F = Vault count percentage of total count
                 A         B        C        D         E       F
            +---------+---------+-------+---------+---------+-------
      Total |      81 |       0 |   0.0 |      45 |       0 |   0.0
            +---------+---------+-------+---------+---------+-------
        D:1 |      40 |       0 |   0.0 |      25 |       0 |   0.0
        D:2 |      27 |       0 |   0.0 |      18 |       0 |   0.0
        D:3 |      14 |       0 |   0.0 |       2 |       0 |   0.0
            +---------+---------+-------+---------+---------+-------
